 Dungeon Crawl Stone Soup version 0.31-a0-771-g505c3d19dc (webtiles) character file.

Game seed: 17254850248824894269

266605 Skeral the Brawler (level 19, -25/214 HPs)
             Began as a Troll Shapeshifter on Sept 17, 2023.
             Was a High Priest of Wu Jian.
             Killed from afar by a deep elf zephyrmancer (31 damage)
             ... with a bolt of lightning
             ... on level 1 of the Elven Halls.
             The game lasted 02:31:56 (37376 turns).

Skeral the Brawler (Troll Shapeshifter)            Turns: 37376, Time: 02:31:57

Health: -25/214    AC:  6    Str: 27    XL:     19   Next: 71%
Magic:  18/18      EV: 18    Int:  9    God:    Wu Jian [*****.]
Gold:   2363       SH:  5    Dex: 15    Spells: 18/18 levels left

rFire   + +          .
                       - Unarmed
rCold   . . .        (no shield)
rNeg    . . .        X - melded +0 shadow dragon scales {rare}
rPois   .            c - +2 hat
rElec   .            O - +1 cloak {rF+}
rCorr   .            (gloves unavailable)
SInv    .            (boots unavailable)
Will    +....        Y - amulet of reflection
Stlth   ++           e - ring "Vuffashi" {Fly rF+ Int+3 Stlth+}
HPRegen 1.35/turn    E - +5 ring of evasion
MPRegen 0.16/turn

%: reflection
@: exhausted, maw-form, flying
A: devouring maw, large, unfitting armour, claws 3, regeneration 1, shaggy fur
1, tough skin 1
}: 1/15 runes: serpentine
a: Begin Untransformation, Renounce Religion, Wall Jump, Serpent's Lash,
Heavenly Storm


You were on level 1 of the Elven Halls.
You worshipped Wu Jian.
Wu Jian was extremely pleased with you.
You were a creature with a mouth for a stomach.
You visited 8 branches of the dungeon, and saw 33 of its levels.
You visited the Abyss 1 time.
You also visited: Gauntlet, Ice Cave and Volcano.

You collected 3332 gold pieces.
You spent 969 gold pieces at shops.


Innate Abilities, Weirdness & Mutations

You are a creature with a mouth for a stomach.
Your midsection houses a second, enormous mouth.
You are too large for most types of armour.
You have claws for hands.
Your natural rate of healing is unusually fast.
You are covered in fur. (AC +1)
You have tough skin. (AC +1)


   Skills:
 - Level 18.6 Fighting
 - Level 10.7 Throwing
 - Level 7.9 Dodging
 - Level 20.0 Unarmed Combat
 + Level 15.8 Shapeshifting


You had 18 spell levels left.
You didn't know any spells.
Your spell library contained the following spells:

 Spells                   Type           Power      Damage    Failure   Level
 Freeze                   Ice            0%         1d3       38%         1
 Kiss of Death            Conj/Necr      0%         2d5       38%         1
 Necrotise                Necr           0%         1d4       38%         1
 Slow                     Hex            0%         N/A       38%         1
 Summon Small Mammal      Summ           0%         N/A       38%         1
 Ensorcelled Hibernation  Hex/Ice        0%         N/A       52%         2
 Jinxbite                 Hex            0%         N/A       52%         2
 Passwall                 Tmut/Erth      0%         N/A       52%         2
 Scorch                   Fire           0%         2d5       52%         2
 Call Canine Familiar     Summ           0%         N/A       77%         3
 Confusing Touch          Hex            0%         N/A       77%         3
 Frozen Ramparts          Ice            0%         1d1       77%         3
 Hailstorm                Conj/Ice       0%         3d3       77%         3
 Ozocubu's Armour         Ice            0%         N/A       77%         3
 Summon Guardian Golem    Hex/Summ       0%         N/A       77%         3
 Tukima's Dance           Hex            0%         N/A       77%         3
 Vampiric Draining        Necr           0%         2d6       77%         3
 Volatile Blastmotes      Fire/Tloc      0%         2d10      77%         3
 Anguish                  Hex/Necr       0%         N/A       99%         4
 Animate Dead             Necr           0%         N/A       99%         4
 Dimensional Bullseye     Hex/Tloc       0%         N/A       99%         4
 Dispel Undead            Necr           0%         3d6       99%         4
 Flame Wave               Conj/Fire      0%         2d4       99%         4
 Fulminant Prism          Conj/Hex       0%         3d5       99%         4
 Iskenderun's Mystic Bla  Conj/Tloc      0%         2d3       99%         4
 Manifold Assault         Tloc           0%         N/A       99%         4
 Passage of Golubria      Tloc           0%         N/A       99%         4
 Vhi's Electric Charge    Tloc/Air       0%         N/A       99%         4
 Agony                    Necr           0%         N/A       100%        5
 Arcjolt                  Conj/Air       0%         1d10      100%        5
 Borgnjor's Vile Clutch   Necr/Erth      0%         N/A       100%        5
 Summon Forest            Summ/Tloc      0%         N/A       100%        5
 Summon Mana Viper        Hex/Summ       0%         N/A       100%        5
 Yara's Violent Unravell  Hex/Tmut       0%         3d3       100%        5
 Death Channel            Necr           0%         N/A       100%        6
 Dispersal                Tloc           0%         N/A       100%        6
 Plasma Beam              Fire/Air       0%         2x1d10    100%        6
 Summon Cactus Giant      Summ           0%         N/A       100%        6
 Enfeeble                 Hex            0%         N/A       100%        7
 Haunt                    Necr/Summ      0%         N/A       100%        7
 Ozocubu's Refrigeration  Ice            0%         4d7       100%        7
 Borgnjor's Revivificati  Necr           0%         N/A       100%        8
 Disjunction              Tloc           0%         N/A       100%        8
 Death's Door             Necr           0%         N/A       100%        9

Inventory:

Missiles
 h - 18 boomerangs (quivered)
 j - 8 silver javelins
 s - 5 throwing nets {=f!f}
 F - 7 large rocks {=f}
 J - 15 javelins
Armour
 c - a +2 hat (worn)
   (You acquired it on level 3 of the Vaults)
 u - a +2 kite shield of cold resistance
   (You found it in an ice cave)
 O - a +1 cloak of fire resistance (worn)
   (You found it in a volcano)
 X - +0 shadow dragon scales (melded) {rare}
   (You found it in a Gauntlet)
Jewellery
 e - the ring "Vuffashi" (left claw) {Fly rF+ Int+3 Stlth+}
   (You found it on level 2 of the Dungeon)

   [ring of flight]

   Int+3:     It affects your intelligence (+3).
   rF+:       It protects you from fire.
   Fly:       It grants you flight.
   Stlth+:    It makes you more stealthy.
 v - a ring of see invisible
   (You took it off a minotaur in a Gauntlet)
 C - a ring of protection from cold
   (You found it on level 1 of the Snake Pit)
 E - a +5 ring of evasion (right claw)
   (You found it on level 12 of the Dungeon)
 L - a ring of flight
   (You found it on level 12 of the Dungeon)
 N - a ring of willpower
   (You found it on level 14 of the Dungeon)
 P - a ring of poison resistance
   (You found it on level 6 of the Dungeon)
 Y - an amulet of reflection (around neck)
   (You found it on level 11 of the Dungeon)
Talismans
 d - a storm talisman
   (You found it on level 4 of the Vaults)
Wands
 f - a wand of flame (69)
   (You found it on level 3 of the Dungeon)
 x - a wand of roots (25)
   (You found it on level 6 of the Dungeon)
 D - a wand of digging (5)
   (You found it on level 1 of the Snake Pit)
 K - a wand of light (17)
   (You found it on level 1 of the Lair of Beasts)
Scrolls
 i - 2 scrolls of enchant armour
 o - 4 scrolls of fog
 p - 4 scrolls of vulnerability {!r!r}
 y - 2 scrolls of identify {@r1}
 z - 6 scrolls of revelation
 A - 4 scrolls of fear
 B - 2 scrolls of silence {!r}
 G - 17 scrolls of teleportation {@r4}
 T - 6 scrolls of poison {!r}
 U - 5 scrolls of blinking {!r}
Potions
 a - a potion of invisibility
 b - 5 potions of lignification {!q}
 k - 4 potions of brilliance
 l - a potion of berserk rage {!q}
 m - 5 potions of curing {@q1}
 q - 4 potions of enlightenment
 r - 7 potions of might
 t - 3 potions of haste {@q3}
 w - a potion of ambrosia
 H - 3 potions of cancellation
 Q - 6 potions of attraction {!q}
 R - 3 potions of magic
 S - 7 potions of heal wounds {@q2}
 V - 2 potions of resistance
 Z - 3 potions of mutation {!q}
Miscellaneous
 g - a lightning rod (4/4)
   (You found it in a Gauntlet)
 n - a tin of tremorstones (2/2)
   (You found it on level 5 of the Lair of Beasts)
 M - a phantom mirror
   (You found it on level 3 of the Lair of Beasts)
 W - a phial of floods
   (You found it in a Gauntlet)

Dungeon Overview and Level Annotations

Branches:
Dungeon (15/15) Zot: 24707  Temple (1/1) D:5 Zot: 5953    Lair (5/5) D:10 Zot: 25191
 Shoals (1/4) Lair:3 Zot: 5549   Snake (4/4) Lair:3 Zot: 18768   Slime (0/5) Lair:5
    Orc (2/2) D:9 Zot: 9849     Elf (1/3) Orc:2 Zot: 5720  Vaults (4/5) D:13 Zot: 16305
  Crypt (0/3) Vaults:2     Depths (0/4) D:15          IceCv (visited)
Volcano (visited)         Gauntlet (visited)

Altars:
Ashenzari
Cheibriados
Dithmenos
Elyvilon
Fedhas
Gozag
Hepliaklqana
Kikubaaqudgha
Makhleb
Nemelex Xobeh
Okawaru
Qazlal
Ru
Sif Muna
Trog
Uskayaw
Vehumet
Wu Jian
Xom
Yredelemnul
Zin
The Shining One
Jiyva

Shops:
D:2 ?   D:6 ![(   Orc:2 :*([   Snake:3 [   Snake:4 (   Vaults:1 *

Portals:
Trove: Vaults:1 (give 6 scrolls of fear)

Annotations:
D:3 1 runed translucent door, Zonian's ghost, amateur AtFi
D:15 1 transporter
Temple 2 transporters

....####........#
....'..'......#
....####....#'##
##+# ....#
#..####.##...##
...########
##'.....##
..+###...##
##.......+#
.##+#.....##
#..ยฐ....e.#
####.......+
+...e....>#
..##.......#
#..WE.....#
..##.).....#
##.eยง....##
...##.....'##
##.....##
)..###...##.##
##....#
....###'####.##
###+# ...## #.#
##.## ...# #.#
##.## ..## #.#
##.####+### ..'##
#.# ##.#.....#


You could see 2 deep elf archers, an earth elemental and a deep elf
zephyrmancer.


Message History

The Council accepts your kill.
The deep elf knight closely misses you. ๐Ÿ˜• HP[+15]
You regained 15 hp, and now have 213/214 hp.
You spin and attack the deep elf knight.
You mangle the deep elf knight!! The deep elf knight blocks your attack.
The deep elf knight hits you but does no damage.
Items here: ))) [[. ๐Ÿ˜Ž HP[+1]
Your hp is fully restored (214).
You completely miss the deep elf knight.
You claw the deep elf knight! Your bite misses the deep elf knight.
You claw the deep elf knight!
You kill the deep elf knight!
The Council accepts your kill.
Things that are here:
a +0 long sword; a +0 leather armour; a +2 buckler
There is an open translucent door, spattered with blood here.
Items here: ))) [[.
Things that are here:
a +0 short sword; a +0 longbow; a +0 leather armour
Items here: ))) [[.
There is a stone staircase leading down here.
You feel less exhausted.
There is an open door here.
There is an open door here.
You reach down and open the door.
There is an open door here.
You reach down and open the door.
A deep elf zephyrmancer, 2 deep elf archers and an earth elemental come into view.
A deep elf zephyrmancer comes into view.
It is wielding a +0 dagger.
Found a stone staircase leading down.
The deep elf archer shouts!
The deep elf zephyrmancer shouts! x2
There is an open door here.
The deep elf archer shouts!
The deep elf zephyrmancer points at you and mumbles some strange words.
The bolt of lightning hits you!!
The deep elf archer unwields a +0 dagger.
The deep elf archer wields a +0 shortbow.
The deep elf archer shoots an arrow.
The arrow misses you. ๐Ÿ˜• HP[-30]
You take 30 damage, and now have 184/214 hp.
The deep elf archer unwields a +0 short sword.
The deep elf archer wields a +0 shortbow.
The deep elf archer shoots an arrow.
The arrow hits you!!
The deep elf zephyrmancer casts a spell at you.
The bolt of lightning hits you!!
The deep elf archer points at you and mumbles some strange words.
You easily resist. ๐Ÿ˜ฎ HP[-62]
You take 62 damage, and now have 122/214 hp.
MASSIVE DAMAGE!! (PAUSE)
Your muscles tense, ready for explosive movement...
You lunge with incredible momentum at the deep elf archer.
You claw the deep elf archer! Your bite misses the deep elf archer.
Your supernatural speed expires.
You closely miss the deep elf archer. ๐Ÿ˜ฎ HP[+1]
You scratch the deep elf archer. Your bite misses the deep elf archer.
The deep elf archer unwields a +0 shortbow.
The deep elf archer wields a +0 short sword.
The deep elf archer hits you with a +0 short sword!!
* * * LOW HITPOINT WARNING * * *
๐Ÿ˜จ HP[-18]
You take 18 damage, and now have 105/214 hp.
You miss the deep elf zephyrmancer.
The deep elf zephyrmancer points at you and mumbles some strange words.
The bolt of lightning hits you!!
* * * LOW HITPOINT WARNING * * *
The bolt of lightning misses you.
The deep elf archer unwields a +0 shortbow.
The deep elf archer wields a +0 dagger.
The deep elf archer closely misses you. ๐Ÿ˜จ HP[-22]
You take 22 damage, and now have 83/214 hp.
You eviscerate the deep elf zephyrmancer!!!
You kill the deep elf zephyrmancer!
The Council accepts your kill.
The deep elf archer hits you with a +0 short sword!
* * * LOW HITPOINT WARNING * * *
๐Ÿ˜จ HP[-8]
You take 8 damage, and now have 75/214 hp.
You scratch the deep elf archer but do no damage.
The deep elf zephyrmancer casts a spell at you.
The bolt of lightning misses you. The bolt of lightning hits you!!
* * * LOW HITPOINT WARNING * * *
The bolt of lightning hits the deep elf zephyrmancer!!
The deep elf archer hits you with a +0 short sword.
* * * LOW HITPOINT WARNING * * *
The deep elf archer mumbles some strange words.
The deep elf archer blinks! ๐Ÿ˜ฑ HP[-33]
You take 33 damage, and now have 42/214 hp.
Unknown command.
You miss the deep elf zephyrmancer.
You bite the deep elf zephyrmancer, but do no damage.
The deep elf zephyrmancer points at you and mumbles some strange words.
The bolt of lightning hits you!!!
* * * LOW HITPOINT WARNING * * *
The bolt of lightning hits you!!
You die...

Skill      XL: |  1  2  3  4  5  6  7  8  9 10 11 12 13 14 15 16 17 18 19 |
---------------+----------------------------------------------------------+-----
Fighting       | 1 2 3 4 5 7 8 9 10 11 13 14 15 16 17 18 | 18.6
Unarmed Combat | 4 5 6 7 9 10 11 12 13 15 17 18 19 20 | 20.0
Throwing       | 3 5 6 7 8 10 | 10.7
Shapeshifting  | 5 6 7 8 11 13 14 15 | 15.8
Dodging        | 3 5 7 |  7.9

Action                     |  1- 3 |  4- 6 |  7- 9 | 10-12 | 13-15 | 16-18 | 19-21 || total
---------------------------+-------+-------+-------+-------+-------+-------+-------++-------
  Melee: Unarmed           |    67 |   158 |   198 |   514 |   966 |  1021 |   332 ||  3256
         Punch             |     2 |     3 |    12 |    37 |   124 |   144 |    52 ||   374
         Maw               |       |       |       |       |       |   340 |   105 ||   445
  Throw: Dart              |       |       |    13 |    15 |    69 |       |       ||    97
         Boomerang         |       |       |       |       |    15 |    42 |    18 ||    75
 Invoke: Serpent's Lash    |       |       |       |     2 |    15 |    34 |     9 ||    60
         Heavenly Storm    |       |       |       |       |       |     2 |     1 ||     3
Ability: Lunge             |       |       |    28 |    55 |   169 |   139 |    45 ||   436
         Whirlwind         |       |       |     1 |    27 |    59 |    88 |    23 ||   198
         Wall Jump         |       |       |       |       |       |     1 |       ||     1
  Evoke: Wand              |       |       |       |     5 |     8 |       |       ||    13
         Phantom mirror    |       |       |       |       |     1 |       |       ||     1
    Use: Scroll            |       |     7 |     6 |     4 |    11 |     7 |     1 ||    36
         Potion            |       |       |     1 |       |     3 |     7 |     3 ||    14
   Stab: Sleeping          |       |     7 |     7 |     7 |    21 |    20 |     2 ||    64
         Distracted        |       |       |     1 |     1 |     2 |       |     1 ||     5
 Armour: Animal skin       |    43 |   122 |   128 |       |       |       |       ||   293
         Steam dragon scal |       |       |       |   332 |   286 |       |       ||   618
         Shadow dragon sca |       |       |       |       |   300 |   101 |       ||   401
         Skin              |       |       |       |       |       |   470 |   124 ||   594
  Dodge: Dodged            |    35 |    65 |    80 |   179 |   245 |   297 |   127 ||  1028
  Block: Other             |       |       |       |       |    57 |   101 |    38 ||   196
         Reflection        |       |       |       |       |    16 |     8 |     5 ||    29
   Form: Maw               |       |       |       |       |       |     1 |       ||     1

Levels and vault maps discovered:
D:1:      dpeg_arrival_chambers_temple_mockup, layout_basic, serial_glass,
          glass_columns_a, glass_columns_a, serial_park_tiny_1
D:2:      cheibrodos_fertilizer, layout_loops_ring, serial_glass,
          glass_columns_a, glass_columns_a, serial_shops,
          nicolae_shop_waterfront, minmay_misc_feat_x, minmay_misc_feat_encased,
          small_statue_intersection, kennysheep_minor_cross, uniq_natasha
D:3:      layout_basic, grunt_temple_overflow_octagram,
          shapermc_ecumenical_altar_starsandcircs,
          ebering_ghost_reflecting_pool, serial_bayou_ford_a,
          serial_bayou_pond_a
D:4:      minmay_door_path, layout_rooms, minmay_fountain_box, uniq_eustachio
D:5:      layout_gridville, minmay_temple_entry_antechambers,
          minmay_misc_feat_cross
D:6:      layout_rooms, serial_shops, nicolae_shop_trees,
          nicolae_shop_rolling_square, shop, shop,
          eino_small_chamber_without_monster
D:7:      minmay_chambers_of_fours, layout_basic,
          grunt_temple_overflow_champion_of_chaos
D:8:      layout_cave_pools, lemuel_flame_loot_1
D:9:      layout_loops_ring, david_orc_3, serial_co_window_serial,
          co_window_of_opportunity_a, co_window_paths_b, co_window_paths_a,
          co_window_paths_a, co_window_corner_a, co_window_of_opportunity_c,
          co_window_of_opportunity_b, co_window_broadway_a,
          co_window_broadway_b, co_window_corner_b, co_window_corner_b,
          co_window_cross_2, co_window_paths_e, co_window_4corner_a,
          dreamdust_wishing_well, uniq_jeremiah
D:10:     layout_loops_corners, erik_lair_island, uniq_maurice
D:11:     layout_small_grid, gauntlet_entry_generic, uniq_harold
D:12:     layout_basic, grunt_decor_one_mirror, uniq_nergalle
D:13:     layout_basic, grunt_vaults_entry_fortified, uniq_urug
D:14:     layout_rooms, grunt_decor_arrowhead, fedhas_altar_2
D:15:     hellmonk_depths_entry_around_the_bend, layout_loops_corners,
          minmay_misc_feat_doors, nicolae_diode_basic
Temple:   hellmonk_temple_divided_pantheon
Lair:1:   layout_regular_city, roderic_batcave, chequers_serial_rivers_micro_c
Lair:2:   layout_regular_city, wad_woods_02, lemuel_fruit_fields,
          lemuel_fruit_tree
Lair:3:   layout_cave_pods, minmay_shoals_entry_lonely_mermaid,
          guppyfry_snake_entry_island, columned_hall_lemuel, lemuel_fruit_fields
Lair:4:   layout_roguey, nicolae_volcano_entry_s_turn
Lair:5:   gammafunk_lair_ancient_temple, layout_hall_layers,
          minmay_slime_entry_pillars
Shoals:1: layout_shoals, nicolae_shoals_square_sea_wall,
          nicolae_shoals_water_shrine
Snake:1:  layout_gridlike, uniq_rupert
Snake:2:  layout_onion, basic_altar
Snake:3:  layout_cave_shapes, serial_shops, shop, grunt_ministairs_8, drop_trap
Snake:4:  grunt_snake_rune_spirals, layout_concentric_octagons, serial_shops,
          shop
Orc:1:    layout_caves, portal_ice_cave_rime
Orc:2:    grunt_orc_gardens, layout_diamond_mine, grunt_orc_garden,
          grunt_orc_garden, grunt_orc_garden, grunt_orc_garden, uniq_saint_roka
Elf:1:    eino_elf_arrival_customs, layout_geoelf_octagon, serial_shops,
          bzr_entry_safe
Vaults:1: v_misc_1, v_alt_pattern_4, ontoclasm_vaults_ring_small,
          vaults_dpeg_spiral, nicolae_vaults_apartment_1,
          nicolae_vaults_cochlea, nicolae_vaults_circle_grid_b,
          nicolae_vaults_surprise_closet_hard,
          vaults_room_grunt_arrival_checkpoint, nicolae_vaults_two_Ls,
          layout_vaults_big_cross, serial_shops, nicolae_shop_stone,
          enter_trove_2
Vaults:2: v_misc_26, v_misc_27, v_misc_12, hangedman_vaults_slice, v_misc_17,
          nicolae_vaults_little_squares_2, ontoclasm_vaults_spin,
          nicolae_vaults_sesquioval_fish, vaults_room_semicircle,
          nicolae_vaults_trapezoid_lopsided_1, nicolae_vaults_tetromino_T_1,
          layout_vaults_chaotic_city
Vaults:3: nicolae_vaults_network_periphery,
          nicolae_vaults_offset_grid_hallway_4, v_misc_24,
          ontoclasm_vaults_echo, nicolae_vaults_tetromino_L_2, v_misc_5,
          ontoclasm_vaults_gateway, nicolae_vaults_closet_pinwheel_6,
          nicolae_vaults_heart-shaped_vault, nicolae_vaults_tangram_2,
          vaults_room_semicircle, layout_vaults_omnigrid, uniq_margery
Vaults:4: nicolae_vaults_network_quinsquares
          [nicolae_vaults_network_quincunx_subvault,
          nicolae_vaults_network_quincunx_subvault,
          nicolae_vaults_network_quincunx_subvault,
          nicolae_vaults_network_quincunx_subvault], hangedman_vaults_pinch,
          dpeg_vaults_monster_row, vaults_room_door_ring,
          hangedman_vaults_stretched_pinwheel, v_misc_22,
          nicolae_vaults_offset_grid_hallway_3, nicolae_vaults_tetromino_L_1,
          nicolae_vaults_surprise_closet_hard, nicolae_vaults_steering_wheel,
          grunt_vaults_twisty, layout_vaults_ring

Notes
Turn   | Place    | Note
-------+----------+-------------------------------------------
     0 | D:1      | Skeral the Troll Shapeshifter began the quest for the Orb.
     0 | D:1      | Reached XP level 1. HP: 18/18 MP: 0/0
     0 | D:1      | magus.rc [v1.10.3]
   122 | D:1      | Reached skill level 1 in Fighting
   210 | D:1      | Reached XP level 2. HP: 27/27 MP: 1/1
   603 | D:2      | Noticed Natasha
   628 | D:2      | Killed Natasha
   629 | D:2      | Reached skill level 2 in Fighting
   629 | D:2      | Reached XP level 3. HP: 21/35 MP: 2/2
   732 | D:2      | Identified the +4 dagger of Eternal Vigilance {freeze,
                  | Int+4}
   774 | D:2      | Reached skill level 4 in Unarmed Combat
   833 | D:2      | Reached XP level 4. HP: 19/44 MP: 3/3
  1199 | D:2      | Found Opnigi's Magic Scroll Boutique.
  1208 | D:2      | Bought a scroll of blinking for 82 gold pieces
  1208 | D:2      | Bought a scroll of identify for 22 gold pieces
  1219 | D:2      | Noticed Natasha
  1241 | D:2      | Killed Natasha
  1276 | D:2      | Identified the ring "Vuffashi" {Fly rF+ Int+3 Stlth+}
  1476 | D:2      | Noticed Natasha
  1487 | D:2      | Killed Natasha
  1488 | D:2      | Reached XP level 5. HP: 47/52 MP: 4/4
  1525 | D:2      | Reached skill level 3 in Fighting
  1647 | D:3      | You pick up a book of Scorching and begin reading...
  1647 | D:3      | You add the spells Scorch, Flame Wave and Summon Cactus
                  | Giant to your library.
  1666 | D:3      | You pick up a book of Touch and begin reading...
  1666 | D:3      | You add the spells Kiss of Death, Confusing Touch and
                  | Dispel Undead to your library.
  1697 | D:3      | You pick up a book of Dreams and begin reading...
  1697 | D:3      | You add the spells Jinxbite, Ensorcelled Hibernation and
                  | Anguish to your library.
  1769 | D:3      | Reached skill level 5 in Unarmed Combat
  1948 | D:3      | Found a runed translucent door.
  2066 | D:3      | Found a glowing golden altar of the Shining One.
  2074 | D:3      | Found an ancient bone altar of Kikubaaqudgha.
  2084 | D:3      | Found a broken altar of Ashenzari.
  2091 | D:3      | Found an opulent altar of Gozag.
  2109 | D:3      | Found a sacrificial altar of Ru.
  2116 | D:3      | Found an iron altar of Okawaru.
  2121 | D:3      | Found a hazy altar of Hepliaklqana.
  2198 | D:3      | Reached XP level 6. HP: 61/61 MP: 5/5
  2383 | D:3      | Found a faded altar of an unknown god.
  2526 | D:3      | Noticed Zonian's ghost (amateur AtFi)
  2823 | D:4      | Reached skill level 4 in Fighting
  2961 | D:4      | Noticed Eustachio
  2986 | D:4      | Noticed an ice beast
  2997 | D:4      | HP: 15/62 [ice beast (11)]
  3071 | D:4      | Killed Eustachio
  3072 | D:4      | Reached skill level 6 in Unarmed Combat
  3072 | D:4      | Reached XP level 7. HP: 45/71 MP: 6/6
  3271 | D:5      | Entered Level 5 of the Dungeon
  3275 | D:5      | Reached skill level 5 in Fighting
  3278 | D:5      | magus.rc [v1.10.3]
  3417 | D:5      | Reached skill level 7 in Unarmed Combat
  3558 | D:5      | Found a staircase to the Ecumenical Temple.
  3568 | Temple   | Found a transporter.
  3568 | Temple   | Found a transporter.
  3568 | Temple   | Found a transporter.
  3568 | Temple   | Found a transporter.
  3568 | Temple   | Entered the Ecumenical Temple
  3586 | Temple   | Became a worshipper of the Wu Jian Council
  3626 | D:5      | Reached XP level 8. HP: 81/81 MP: 7/7
  3834 | D:5      | Identified the +6 dagger of Triumph {freeze, rElec Will-
                  | Str+9}
  4099 | D:6      | Found Meppoacixeo's Armour Boutique.
  4106 | D:6      | Reached skill level 6 in Fighting
  4207 | D:6      | Found Zuegiept's Weapon Boutique.
  4336 | D:6      | Reached skill level 8 in Unarmed Combat
  4359 | D:6      | You pick up a book of Necromancy and begin reading...
  4359 | D:6      | You add the spells Necrotise, Vampiric Draining and Agony
                  | to your library.
  4363 | D:6      | Found Teuplym's Antique Armour Boutique.
  4560 | D:6      | Found Polaucwu's Distillery.
  4572 | D:6      | Bought a potion of haste for 140 gold pieces
  4572 | D:6      | Bought a potion of curing for 42 gold pieces
  4670 | D:7      | You add the spells Haunt, Borgnjor's Revivification and
                  | Death's Door to your library.
  4748 | D:7      | Noticed a boulder beetle
  4826 | D:7      | HP: 16/84 [boulder beetle (19)]
  4833 | D:7      | Killed a boulder beetle
  4834 | D:7      | Reached skill level 7 in Fighting
  4834 | D:7      | Reached skill level 9 in Unarmed Combat
  4834 | D:7      | Reached XP level 9. HP: 51/93 MP: 8/8
  4992 | D:7      | Found a shimmering altar of Xom.
  4992 | D:7      | Found a burning altar of Makhleb.
  5041 | D:7      | Reached * piety under Wu Jian
  5108 | D:7      | Reached skill level 8 in Fighting
  5108 | D:7      | Reached skill level 10 in Unarmed Combat
  5342 | D:8      | You are sucked into a shaft and drop 1 floor!
  5970 | D:9      | Noticed a two-headed ogre
  5996 | D:9      | Found a staircase to the Orcish Mines.
  6222 | D:9      | Reached XP level 10. HP: 106/106 MP: 9/9
  6281 | D:9      | Killed a two-headed ogre
  6282 | D:9      | Reached skill level 1 in Throwing
  6283 | D:9      | Noticed a gargoyle
  6500 | D:9      | Noticed Jeremiah
  6504 | D:9      | Killed Jeremiah
  6505 | D:9      | Reached skill level 2 in Throwing
  6505 | D:9      | Reached skill level 11 in Unarmed Combat
  6712 | D:9      | Reached skill level 9 in Fighting
  7135 | D:10     | Entered Level 10 of the Dungeon
  7255 | D:10     | Reached skill level 4 in Shapeshifting
  7270 | D:10     | Reached ** piety under Wu Jian
  7280 | D:10     | Reached skill level 3 in Throwing
  7288 | D:10     | HP: 26/107 [something (1)]
  7387 | D:10     | Noticed a gargoyle
  7394 | D:10     | Killed a gargoyle
  7473 | D:10     | You pick up a book of Lightning and begin reading...
  7473 | D:10     | You add the spells Vhi's Electric Charge, Arcjolt and
                  | Plasma Beam to your library.
  7491 | D:10     | Noticed Maurice
  7514 | D:10     | Maurice stole 27 poisoned darts
  7518 | D:10     | Killed Maurice
  7571 | D:10     | Found a staircase to the Lair.
  7595 | D:10     | HP: 21/107 [troll (12)]
  7615 | D:10     | Reached skill level 5 in Shapeshifting
  7800 | D:10     | Reached XP level 11. HP: 111/115 MP: 10/10
  7845 | D:10     | Reached skill level 4 in Throwing
  8331 | Lair:1   | Entered Level 1 of the Lair of Beasts
  8367 | Lair:1   | Reached skill level 2 in Dodging
  8390 | Lair:1   | Noticed a five-headed hydra
  8734 | Lair:1   | Reached skill level 12 in Unarmed Combat
  8799 | Lair:1   | Reached *** piety under Wu Jian
  8818 | Lair:1   | Reached skill level 5 in Throwing
  8818 | Lair:1   | Reached skill level 6 in Shapeshifting
  8934 | Lair:1   | Reached skill level 3 in Dodging
  8998 | Lair:1   | Reached skill level 10 in Fighting
  9063 | Lair:1   | Killed an eight-headed hydra
  9064 | Lair:1   | Identified the +8 quarterstaff of Accidental Termination
                  | {freeze, *Slow +Blink Fly Dex+5}
  9412 | Lair:2   | Reached **** piety under Wu Jian
  9413 | Lair:2   | Reached XP level 12. HP: 78/121 MP: 11/11
  9509 | Lair:2   | Reached skill level 4 in Dodging
  9731 | Lair:2   | Reached skill level 6 in Throwing
  9839 | Lair:2   | Noticed a boulder beetle
  9851 | Lair:2   | Killed a boulder beetle
  9852 | Lair:2   | Reached skill level 7 in Shapeshifting
 10111 | Lair:3   | Noticed a four-headed hydra
 10698 | Lair:4   | Reached skill level 5 in Dodging
 10701 | Lair:4   | Reached skill level 13 in Unarmed Combat
 10715 | Lair:4   | Found a dark tunnel.
 10729 | Volcano  | Entered a volcano
 10907 | Volcano  | T - a +2 quick blade of flaming {rare}
 11028 | Lair:4   | You drop a +2 quick blade of flaming {rare}.
 11070 | Lair:4   | You pick up a book of Callings and begin reading...
 11070 | Lair:4   | You add the spells Summon Small Mammal, Call Canine
                  | Familiar and Summon Guardian Golem to your library.
 11130 | Lair:3   | Reached skill level 11 in Fighting
 11344 | Lair:5   | Entered Level 5 of the Lair of Beasts
 11460 | Lair:5   | Reached ***** piety under Wu Jian
 11605 | Lair:5   | Reached XP level 13. HP: 131/137 MP: 12/12
 11609 | Lair:5   | Reached skill level 14 in Unarmed Combat
 11619 | Lair:5   | Found a viscous altar of Jiyva.
 11619 | Lair:5   | Found a staircase to the Slime Pits.
 11964 | Lair:5   | Reached skill level 12 in Fighting
 12377 | Lair:3   | You pick up a book of Frost and begin reading...
 12377 | Lair:3   | You add the spells Freeze, Frozen Ramparts and Hailstorm to
                  | your library.
 12385 | Lair:3   | Found a staircase to the Snake Pit.
 12559 | Lair:3   | Found a staircase to the Shoals.
 12693 | Orc:1    | Entered Level 1 of the Orcish Mines
 12798 | Orc:1    | Found a frozen archway.
 12910 | Orc:1    | Reached skill level 15 in Unarmed Combat
 13007 | IceCv    | Entered an ice cave
 13481 | IceCv    | Found an ancient bone altar of Kikubaaqudgha.
 13819 | IceCv    | Reached ****** piety under Wu Jian
 13839 | IceCv    | Reached skill level 13 in Fighting
 14237 | IceCv    | You add the spells Ozocubu's Armour and Ozocubu's
                  | Refrigeration to your library.
 14245 | IceCv    | You pick up a book of Unlife and begin reading...
 14245 | IceCv    | You add the spells Animate Dead, Borgnjor's Vile Clutch and
                  | Death Channel to your library.
 14584 | Orc:2    | Entered Level 2 of the Orcish Mines
 14584 | Orc:2    | Found a staircase to the Elven Halls.
 14598 | Orc:2    | Noticed Saint Roka
 14599 | Orc:2    | Reached XP level 14. HP: 114/153 MP: 13/13
 14971 | Orc:2    | Reached skill level 16 in Unarmed Combat
 14980 | Orc:2    | Found Alywniv's General Store.
 15083 | Orc:2    | Bought a scroll of teleportation for 51 gold pieces
 15103 | Orc:2    | Found Pian's Antique Weapon Emporium.
 15105 | Orc:2    | Noticed an orc warlord
 15226 | Orc:2    | Killed an orc warlord
 15426 | Orc:2    | Found Byappyda's Book Shop.
 15513 | Orc:2    | Found Utsepoidih's Antique Armour Boutique.
 16130 | Orc:2    | Killed Saint Roka
 16260 | D:11     | Reached skill level 14 in Fighting
 16305 | D:11     | Found a gate leading to a gauntlet.
 16372 | Gauntlet | Entered a Gauntlet
 16372 | Gauntlet | Found a transporter.
 16375 | Gauntlet | Found a transporter.
 16387 | Gauntlet | Found a transporter.
 16391 | Gauntlet | Found a transporter.
 16402 | Gauntlet | Found a transporter.
 16422 | Gauntlet | Found a transporter.
 16424 | Gauntlet | Noticed a quicksilver ooze
 16426 | Gauntlet | Found a transporter.
 16430 | Gauntlet | Found a transporter.
 16469 | Gauntlet | Found a transporter.
 16469 | Gauntlet | Found a transporter.
 16474 | Gauntlet | Found a transporter.
 16507 | Gauntlet | Found a transporter.
 16630 | Gauntlet | Killed a quicksilver ooze
 16762 | Gauntlet | Identified the +5 trident of Vodka {freeze, Int+4}
 16768 | Gauntlet | +0 shadow dragon scales {rare}; a human skeleton
 16769 | Gauntlet | X - +0 shadow dragon scales {rare}
 16788 | D:11     | You finish putting on your +0 shadow dragon scales {rare}.
 16858 | D:11     | Noticed Harold
 17278 | D:11     | Killed Harold
 17408 | D:12     | Reached skill level 17 in Unarmed Combat
 17564 | D:12     | Noticed Nergalle
 17572 | D:12     | Killed Nergalle
 18294 | D:13     | HP: 19/157 [phantasmal warrior[a death knight] (30)]
 18904 | D:13     | Noticed Urug
 18921 | D:13     | Killed Urug
 19217 | D:13     | Identified the +3 leather armour "Ilubilut" {rC+ Will+
                  | Str-5}
 19268 | D:13     | Reached XP level 15. HP: 156/165 MP: 14/14
 19399 | D:13     | Found a gate to the Vaults.
 19486 | D:14     | Reached skill level 15 in Fighting
 19662 | D:14     | Reached skill level 18 in Unarmed Combat
 19773 | D:14     | Found a blossoming altar of Fedhas.
 19986 | D:15     | Entered Level 15 of the Dungeon
 20051 | D:15     | Found a transporter.
 20247 | D:15     | You pick up a book of Blasting and begin reading...
 20247 | D:15     | You add the spells Volatile Blastmotes, Fulminant Prism and
                  | Iskenderun's Mystic Blast to your library.
 20469 | D:2      | Bought a scroll of revelation for 82 gold pieces
 20469 | D:2      | Bought a scroll of identify for 22 gold pieces
 20469 | D:2      | Bought 2 scrolls of revelation for 165 gold pieces
 20602 | D:6      | Bought a potion of cancellation for 112 gold pieces
 20602 | D:6      | Bought a potion of might for 56 gold pieces
 20602 | D:6      | Bought a potion of curing for 42 gold pieces
 20602 | D:6      | Bought a potion of lignification for 42 gold pieces
 20770 | Snake:1  | Entered Level 1 of the Snake Pit
 21272 | Snake:1  | Noticed Rupert
 21277 | Snake:1  | Paralysed by Rupert for 2 turns
 21282 | Snake:1  | Killed Rupert
 21971 | Snake:2  | Found a shimmering altar of Xom.
 22534 | Snake:2  | Reached skill level 8 in Shapeshifting
 22687 | Snake:3  | Reached XP level 16. HP: 178/179 MP: 15/15
 22940 | Snake:3  | Reached skill level 9 in Shapeshifting
 23225 | Snake:3  | Found Mogorgh's Antique Armour Shop.
 23520 | Snake:4  | Entered Level 4 of the Snake Pit
 23712 | Snake:4  | Reached skill level 10 in Shapeshifting
 23718 | Snake:4  | Reached skill level 7 in Throwing
 23773 | Snake:4  | HP: 41/179 [black mamba (14)]
 23778 | Snake:4  | HP: 42/179 [poisoned by a nagaraja (splash of poison)]
 23896 | Snake:4  | your +0 shadow dragon scales {rare} melds into your body.
 23956 | Snake:4  | Identified the +8 long sword of Precise Incision {pain, rF+
                  | Int-2 Dex+4 Stlth+}
 24042 | Snake:4  | Found Tadipan's Weapon Emporium.
 24211 | Snake:4  | Reached skill level 16 in Fighting
 24850 | D:15     | Reached skill level 19 in Unarmed Combat
 24922 | D:15     | Noticed a sphinx
 24923 | D:15     | Paralysed by a sphinx for 4 turns
 24928 | D:15     | Paralysed by a sphinx for 3 turns
 24934 | D:15     | Killed a sphinx
 25569 | D:15     | Found a staircase to the Depths.
 25798 | Shoals:1 | Entered Level 1 of the Shoals
 25834 | Shoals:1 | You add the spells Tukima's Dance, Passage of Golubria and
                  | Yara's Violent Unravelling to your library.
 26943 | Snake:4  | Reached skill level 11 in Shapeshifting
 27278 | Snake:4  | Reached XP level 17. HP: 188/188 MP: 16/16
 27400 | Snake:4  | Got a serpentine rune of Zot
 28290 | Vaults:1 | Entered Level 1 of the Vaults
 28307 | Vaults:1 | Identified the +6 morningstar of the End {vamp, *Rage rElec
                  | rC+ Dex+4}
 28597 | Vaults:1 | Found Iwideb's Assorted Antiques.
 28741 | Vaults:1 | Paralysed by a formless jellyfish for 1 turns
 28742 | Vaults:1 | HP: 29/189 [formless jellyfish (22)]
 28744 | Vaults:1 | HP: 13/189 [poisoned by a formless jellyfish]
 28879 | Vaults:1 | Paralysed by a formless jellyfish for 1 turns
 29038 | Vaults:1 | Found a portal to a secret trove of treasure.
 29090 | Vaults:1 | Reached skill level 20 in Unarmed Combat
 29224 | Vaults:1 | You add the spells Slow, Passwall and Enfeeble to your
                  | library.
 29224 | Vaults:1 | Got a resplendent
 29279 | Vaults:1 | Reached skill level 12 in Shapeshifting
 29282 | Vaults:1 | Reached skill level 17 in Fighting
 29343 | Vaults:1 | Bought a scroll of teleportation for 111 gold pieces
 30506 | Vaults:2 | Reached skill level 13 in Shapeshifting
 30520 | Vaults:2 | Reached skill level 8 in Throwing
 30755 | Vaults:2 | Reached XP level 18. HP: 201/201 MP: 17/17
 31020 | Vaults:2 | Found a staircase to the Crypt.
 31021 | Vaults:2 | You pick up a book of the Wilderness and begin reading...
 31021 | Vaults:2 | You add the spells Summon Forest and Summon Mana Viper to
                  | your library.
 31963 | Vaults:3 | You pick up a book of Weapons and begin reading...
 32765 | Vaults:3 | Reached skill level 9 in Throwing
 32919 | Vaults:3 | Noticed Margery
 32922 | Vaults:3 | Killed Margery
 32926 | Vaults:3 | Reached skill level 18 in Fighting
 32929 | Vaults:3 | Reached skill level 6 in Dodging
 33301 | Vaults:3 | Paralysed by a formless jellyfish for 1 turns
 33479 | Vaults:3 | Identified the staff "Wauz" {Str+5 Dex+3 Earth}
 33601 | Vaults:3 | Identified a scroll of acquirement
 33611 | Vaults:3 | Acquired a +2 hat
 33670 | Vaults:3 | Noticed an ancient lich
 33685 | Vaults:3 | HP: 42/198 [poisoned by a death drake (dark miasma)]
 33691 | Vaults:3 | Killed an ancient lich
 33934 | Vaults:4 | You pick up a book of the Warp and begin reading...
 33934 | Vaults:4 | You add the spells Manifold Assault, Dispersal and
                  | Disjunction to your library.
 34209 | Vaults:4 | Reached skill level 14 in Shapeshifting
 34214 | Vaults:4 | HP: 49/204 [entropy weaver (12)]
 34961 | Vaults:4 | Reached skill level 7 in Dodging
 35104 | Vaults:4 | You are cast into the Abyss!
 35104 | Abyss:2  | Cast into level 2 of the Abyss (a wizard)
 35107 | Abyss:2  | Reached skill level 10 in Throwing
 35117 | Abyss:2  | Reached XP level 19. HP: 211/211 MP: 18/18
 35163 | Abyss:2  | Found a corrupted altar of Lugonu.
 35182 | Abyss:2  | Found a corrupted altar of Lugonu.
 35691 | Abyss:2  | Noticed an ancient lich
 35700 | Abyss:2  | Killed an ancient lich
 35737 | Vaults:4 | You pass through the gate.
 35737 | Vaults:4 | Escaped the Abyss
 36287 | Vaults:4 | Identified the +0 battleaxe of the Verdant God {freeze, rC-
                  | Will+ Int+2 Dex+3}
 36512 | Vaults:4 | Reached skill level 15 in Shapeshifting
 37069 | Elf:1    | Entered Level 1 of the Elven Halls
 37375 | Elf:1    | HP: 45/214 [deep elf zephyrmancer/bolt of lightning (30)]
 37376 | Elf:1    | HP: 6/214 [deep elf zephyrmancer/bolt of lightning (37)]
 37376 | Elf:1    | Killed from afar by a deep elf zephyrmancer

Vanquished Creatures
  2 ancient liches
  Saint Roka (Orc:2)
  Margery (Vaults:3)
  Rupert (Snake:1)
  A sphinx (D:15)
  A tentacled starspawn (Abyss:2)
  A storm dragon (Vaults:3)
  2 tengu reavers
  A draconian knight (Abyss:2)
  12 nagarajas (Snake:4)
  10 vault wardens
  2 orc warlords
  2 formless jellyfish
  A quicksilver ooze (Gauntlet)
  A war gargoyle (Vaults:4)
  11 ironbound preservers
  6 ironbound thunderhulks
  13 dire elephants
  A minotaur (Gauntlet)
  A crystal guardian (Vaults:4)
  A green death (Abyss:2)
  3 entropy weavers
  A deep elf death mage (Elf:1)
  A quicksilver dragon zombie (Abyss:2)
  10 yaktaur captains
  3 great orbs of eyes
  Harold (D:11)
  10 vault guards
  A salamander tyrant (Snake:4)
  2 peacekeepers (Vaults:4)
  6 hydras
  A ghost crab (Gauntlet)
  A catoblepas (D:15)
  A merfolk avatar (Lair:5)
  A death knight (D:13)
  10 ironbound frosthearts
  6 centaur warriors
  7 anacondas
  5 boulder beetles
  A merfolk aquamancer (Shoals:1)
  16 naga warriors
  2 two-headed ogres
  A deep troll earth mage (D:15)
  A tengu warrior (D:14)
  7 naga sharpshooters
  2 thrashing horrors (Abyss:2)
  Urug (D:13)
  4 deep elf knights
  7 shock serpents
  2 orc high priests (Orc:2)
  Nergalle (D:12)
  5 hell knights (Vaults:3)
  A sun demon (Abyss:2)
  4 wretched stars (Abyss:2)
  3 salamander mystics
  4 skeletal warriors (D:13)
  A death drake (shapeshifter) (D:15)
  38 deep trolls
  4 naga ritualists
  5 harpies (Shoals:1)
  8 wizards
  2 phantasmal warriors (D:13)
  9 lindwurms
  3 necromancers
  8 ironbound convokers
  6 deep elf archers (Elf:1)
  9 deep elf zephyrmancers (Elf:1)
  14 orc knights
  3 fauns (Shoals:1)
  7 mana vipers
  26 ugly things
  8 deep elf pyromancers
  An oklob plant (Lair:5)
  5 orc sorcerers
  A worldbinder (Abyss:2)
  2 cyclopes (D:15)
  A stone giant zombie (Vaults:3)
  4 manticores
  12 salamanders
  An elephant (Lair:5)
  Maurice (D:10)
  24 black mambas
  2 merfolk sirens
  A stone giant skeleton (Vaults:3)
  10 naga magi
  2 dire elephant zombies (Abyss:2)
  8 vault sentinels
  10 guardian serpents
  A centaur zombie (Abyss:2)
  2 water nymphs (Shoals:1)
  A water nymph (shapeshifter) (Vaults:3)
  An apocalypse crab (Abyss:2)
  2 gargoyles
  A torpor snail (shapeshifter) (Vaults:4)
  A smoke demon (Abyss:2)
  A yaktaur zombie (Vaults:3)
  12 cane toads
  A kobold demonologist (D:11)
  An ice statue (IceCv)
  An unseen horror (D:13)
  4 freezing wraiths
  13 komodo dragons
  3 efreet
  5 rime drakes
  Jeremiah (D:9)
  4 anaconda simulacra (IceCv)
  27 yaktaurs
  A human zombie (Vaults:3)
  10 ice devils (IceCv)
  3 ancient zymes
  4 meliai (D:15)
  A harpy zombie (Abyss:2)
  10 trolls
  A queen bee (shapeshifter) (D:13)
  A merfolk (Shoals:1)
  5 polar bears (Lair:5)
  A dream sheep (shapeshifter) (Elf:1)
  3 wind drakes
  23 blink frogs
  3 snapping turtles (Shoals:1)
  5 raiju (Abyss:2)
  An ettin zombie (Vaults:3)
  10 flying skulls (Abyss:2)
  26 slime creatures
  3 spriggans (Lair:2)
  7 water elementals
  7 fire elementals
  2 shadows
  5 wraiths
  9 wyverns
  A ynoxinul (Abyss:2)
  2 dire elephant simulacra (IceCv)
  2 vampires
  Eustachio (D:4)
  4 basilisks
  31 yaks
  A human (D:13)
  A neqoxec (Abyss:2)
  4 redbacks
  4 small abominations (Abyss:2)
  6 steam dragons
  7 death yak simulacra (IceCv)
  9 vampire mosquitoes
  3 acid dragons
  A harpy simulacrum (IceCv)
  35 nagas
  5 wargs
  7 water moccasins
  2 hydra simulacra (IceCv)
  3 large abominations (Abyss:2)
  36 orc warriors
  4 ice beasts
  2 sky beasts (D:7)
  11 wolves
  3 black bears
  10 centaurs
  10 ogres
  2 phantoms (D:4)
  3 kobold brigands
  5 bullfrogs
  A gnoll sergeant (D:8)
  2 two-headed ogre simulacra (IceCv)
  A scorpion (D:7)
  4 wights (D:7)
  4 cane toad simulacra (IceCv)
  4 elephant simulacra (IceCv)
  6 howler monkeys
  2 vampire bats (Lair:1)
  An electric eel (D:10)
  8 jellies
  A crimson imp (D:7)
  A quasit (Abyss:2)
  14 orc priests
  9 hounds
  An iron imp (Abyss:2)
  3 sleepcaps
  Natasha (thrice) (D:2)
  2 iguanas
  14 orc wizards
  9 hell rats
  2 polar bear simulacra (IceCv)
  3 wolf simulacra (IceCv)
  4 gnolls (D:8)
  3 naga simulacra (IceCv)
  6 adders
  3 white imps
  2 ufetubi (Abyss:2)
  2 dart slugs
  67 orcs
  7 ball pythons
  12 endoplasms
  3 giant cockroaches
  4 goblins
  7 hobgoblins
  7 jackals
  27 kobolds
  5 quokkas
  12 bats
  5 frilled lizards
  4 rats
  A butterfly (Lair:3)
  A lurking horror (Abyss:2)
1155 creatures vanquished.

Table legend:
 A = Non-vault XP
 B = Vault XP
 C = Vault XP percentage of total XP
 D = Non-vault monster count
 E = Vault monster count
 F = Vault count percentage of total count
                 A         B        C        D         E       F
            +---------+---------+-------+---------+---------+-------
      Total |  287567 |  158947 |  35.6 |     815 |     338 |  29.3
            +---------+---------+-------+---------+---------+-------
        D:1 |      36 |       0 |   0.0 |      20 |       0 |   0.0
        D:2 |      88 |     151 |  63.2 |      13 |      16 |  55.2
        D:3 |     131 |       0 |   0.0 |      26 |       0 |   0.0
        D:4 |     441 |     257 |  36.8 |      23 |       5 |  17.9
        D:5 |     739 |       0 |   0.0 |      13 |       0 |   0.0
        D:6 |     225 |       0 |   0.0 |      12 |       0 |   0.0
        D:7 |    1231 |    1194 |  49.2 |      21 |       7 |  25.0
        D:8 |     792 |     169 |  17.6 |      10 |       2 |  16.7
        D:9 |    1682 |     546 |  24.5 |       6 |       6 |  50.0
       D:10 |    2937 |    1399 |  32.3 |      29 |      10 |  25.6
       D:11 |    3190 |     878 |  21.6 |      17 |       1 |   5.6
       D:12 |    4521 |     785 |  14.8 |      13 |       1 |   7.1
       D:13 |    7647 |    7330 |  48.9 |      19 |      11 |  36.7
       D:14 |   11511 |       0 |   0.0 |      21 |       0 |   0.0
       D:15 |    6205 |    5504 |  47.0 |      18 |       7 |  28.0
     Lair:1 |    7454 |     118 |   1.6 |      31 |       8 |  20.5
     Lair:2 |    5786 |     761 |  11.6 |      25 |       4 |  13.8
     Lair:3 |    4390 |     774 |  15.0 |      16 |       3 |  15.8
     Lair:4 |    3772 |     578 |  13.3 |      14 |       2 |  12.5
     Lair:5 |    6774 |    5438 |  44.5 |      22 |      19 |  46.3
   Shoals:1 |    8909 |    1674 |  15.8 |      19 |       4 |  17.4
    Snake:1 |   14375 |    1869 |  11.5 |      26 |       1 |   3.7
    Snake:2 |   12524 |       0 |   0.0 |      26 |       0 |   0.0
    Snake:3 |   12547 |     934 |   6.9 |      29 |       2 |   6.5
    Snake:4 |   16968 |   29526 |  63.5 |      32 |      36 |  52.9
      Orc:1 |    3565 |    1893 |  34.7 |      33 |       7 |  17.5
      Orc:2 |    5285 |   11070 |  67.7 |      45 |      33 |  42.3
      Elf:1 |   13809 |    1746 |  11.2 |      22 |       4 |  15.4
   Vaults:1 |   23010 |   10200 |  30.7 |      34 |      12 |  26.1
   Vaults:2 |   19422 |   16133 |  45.4 |      26 |      21 |  44.7
   Vaults:3 |   26943 |   21598 |  44.5 |      45 |      20 |  30.8
   Vaults:4 |   35607 |   20024 |  36.0 |      55 |      30 |  35.3
    Abyss:2 |   25051 |    1619 |   6.1 |      54 |       8 |  12.9
      IceCv |       0 |   10666 | 100.0 |       0 |      51 | 100.0
    Volcano |       0 |    1187 | 100.0 |       0 |       4 | 100.0
   Gauntlet |       0 |    2926 | 100.0 |       0 |       3 | 100.0
            +---------+---------+-------+---------+---------+-------

Skill      XL: |  1  2  3  4  5  6  7  8  9 10 11 12 13 14 15 16 17 18 19 |
---------------+----------------------------------------------------------+-----
Fighting       | 1 2 3 4 5 7 8 9 10 11 13 14 15 16 17 18 | 18.6
Unarmed Combat | 4 5 6 7 9 10 11 12 13 15 17 18 19 20 | 20.0
Throwing       | 3 5 6 7 8 10 | 10.7
Shapeshifting  | 5 6 7 8 11 13 14 15 | 15.8
Dodging        | 3 5 7 |  7.9

Action                     |  1- 3 |  4- 6 |  7- 9 | 10-12 | 13-15 | 16-18 | 19-21 || total
---------------------------+-------+-------+-------+-------+-------+-------+-------++-------
  Melee: Unarmed           |    67 |   158 |   198 |   514 |   966 |  1021 |   332 ||  3256
         Punch             |     2 |     3 |    12 |    37 |   124 |   144 |    52 ||   374
         Maw               |       |       |       |       |       |   340 |   105 ||   445
  Throw: Dart              |       |       |    13 |    15 |    69 |       |       ||    97
         Boomerang         |       |       |       |       |    15 |    42 |    18 ||    75
 Invoke: Serpent's Lash    |       |       |       |     2 |    15 |    34 |     9 ||    60
         Heavenly Storm    |       |       |       |       |       |     2 |     1 ||     3
Ability: Lunge             |       |       |    28 |    55 |   169 |   139 |    45 ||   436
         Whirlwind         |       |       |     1 |    27 |    59 |    88 |    23 ||   198
         Wall Jump         |       |       |       |       |       |     1 |       ||     1
  Evoke: Wand              |       |       |       |     5 |     8 |       |       ||    13
         Phantom mirror    |       |       |       |       |     1 |       |       ||     1
    Use: Scroll            |       |     7 |     6 |     4 |    11 |     7 |     1 ||    36
         Potion            |       |       |     1 |       |     3 |     7 |     3 ||    14
   Stab: Sleeping          |       |     7 |     7 |     7 |    21 |    20 |     2 ||    64
         Distracted        |       |       |     1 |     1 |     2 |       |     1 ||     5
 Armour: Animal skin       |    43 |   122 |   128 |       |       |       |       ||   293
         Steam dragon scal |       |       |       |   332 |   286 |       |       ||   618
         Shadow dragon sca |       |       |       |       |   300 |   101 |       ||   401
         Skin              |       |       |       |       |       |   470 |   124 ||   594
  Dodge: Dodged            |    35 |    65 |    80 |   179 |   245 |   297 |   127 ||  1028
  Block: Other             |       |       |       |       |    57 |   101 |    38 ||   196
         Reflection        |       |       |       |       |    16 |     8 |     5 ||    29
   Form: Maw               |       |       |       |       |       |     1 |       ||     1

Illustrated notes

Table legend:
 A = Kills in this place as a percentage of kills in the entire game.
 B = Kills by you in this place as a percentage of kills by you in the entire game.
 C = Kills by friends in this place as a percentage of kills by friends in the entire game.
 D = Other kills in this place as a percentage of other kills in the entire game.
 E = Experience gained in this place as a percentage of experience gained in the entire game.
 F = Experience gained in this place divided by the number of levels of this place that you have seen.
                   A       B       C       D       E      F
               +-------+-------+-------+-------+-------+----------------------
         Total | 100.0 | 100.0 |   N/A |   N/A | 100.0 | 12067.9
       Dungeon |  28.4 |  28.4 |   N/A |   N/A |  13.3 | 3972.6
          Lair |  12.5 |  12.5 |   N/A |   N/A |   8.0 | 7169.0
        Shoals |   2.0 |   2.0 |   N/A |   N/A |   2.4 | 10583.0
     Snake Pit |  13.2 |  13.2 |   N/A |   N/A |  19.9 | 22185.8
  Orcish Mines |  10.2 |  10.2 |   N/A |   N/A |   4.9 | 10906.5
   Elven Halls |   2.3 |   2.3 |   N/A |   N/A |   3.5 | 15555.0
        Vaults |  21.1 |  21.1 |   N/A |   N/A |  38.7 | 43234.2
         Abyss |   5.4 |   5.4 |   N/A |   N/A |   6.0 | 26670.0
      Ice Cave |   4.4 |   4.4 |   N/A |   N/A |   2.4 | 10666.0
       Volcano |   0.3 |   0.3 |   N/A |   N/A |   0.3 | 1187.0
      Gauntlet |   0.3 |   0.3 |   N/A |   N/A |   0.7 | 2926.0
               +-------+-------+-------+-------+-------+----------------------

Table legend: (Time is in decaauts)
 A = Elapsed time spent in this place.
 B = Non-inter-level travel time spent in this place.
 C = Inter-level travel time spent in this place.
 D = Time resting spent in this place.
 E = Time spent auto-exploring this place.
 F = Levels seen in this place.
 G = Mean time per level.
                   A        B        C        D        E       F      G
               +--------+--------+--------+--------+--------+-----+--------+
         Total |  36717 |  32665 |   4052 |   5792 |   7904 |  37 |  992.4 |
       Dungeon |  13872 |  12333 |   1539 |   1191 |   5645 |  15 |  924.8 |
        Temple |     46 |     37 |      9 |      0 |      0 |   1 |   46.0 |
          Lair |   4473 |   3764 |    709 |    474 |    176 |   5 |  894.6 |
        Shoals |    450 |    450 |      0 |     67 |      0 |   1 |  450.0 |
     Snake Pit |   5231 |   4670 |    561 |   1143 |    269 |   4 | 1307.8 |
  Orcish Mines |   2150 |   1880 |    270 |    367 |      0 |   2 | 1075.0 |
   Elven Halls |    279 |    279 |      0 |      4 |     28 |   1 |  279.0 |
        Vaults |   7693 |   6731 |    962 |   1566 |   1786 |   4 | 1923.2 |
         Abyss |    585 |    585 |      0 |    344 |      0 |   1 |  585.0 |
      Ice Cave |   1241 |   1241 |      0 |    461 |      0 |   1 | 1241.0 |
       Volcano |    292 |    292 |      0 |     71 |      0 |   1 |  292.0 |
      Gauntlet |    399 |    399 |      0 |    103 |      0 |   1 |  399.0 |
               +--------+--------+--------+--------+--------+-----+--------+

Top non-repeatable levels by time:
Vaults:3: 2557 daAuts
 Snake:4: 2200 daAuts
Vaults:4: 1802 daAuts
Vaults:1: 1736 daAuts
Vaults:2: 1597 daAuts
    D:13: 1404 daAuts
    D:10: 1344 daAuts
    D:15: 1306 daAuts
   Orc:2: 1296 daAuts
   IceCv: 1241 daAuts
     D:9: 1174 daAuts
  Lair:3: 1104 daAuts
 Snake:2: 1043 daAuts
 Snake:1: 1039 daAuts
     D:3: 1021 daAuts
